 Dungeon Crawl Stone Soup version 0.18.1-50-g88ac8fd (webtiles) character file.

132 ololoev the Magician (level 4, -6/24 HPs)
             Began as a Deep Elf Earth Elementalist on Dec 6, 2016.
             Mangled by an ogre
             ... wielding a +0 giant club
              (15 damage)
             ... on level 4 of the Dungeon.
             The game lasted 00:04:39 (524 turns).

ololoev the Magician (Deep Elf Earth Elementalist)   Turns: 524, Time: 00:04:41

Health: -6/24      AC:  3    Str:  5    XL:     4   Next: 92%
Magic:  3/13       EV: 13    Int: 21    God:
Gold:   86         SH:  0    Dex: 15    Spells: 3 memorised, 8 levels left

rFire  . . .     SeeInvis .     b - 121 stones
rCold  . . .     Gourm    .     a - +0 robe
rNeg   . . .     Faith    .     (no shield)
rPois  .         Spirit   .     g - +0 helmet
rElec  .         Dismiss  .     (no cloak)
rCorr  .         Reflect  .     (no gloves)
SustAt .         Harm     .     (no boots)
MR     .....                    (no amulet)
Stlth  ++........               (no ring)
                                (no ring)

@: not resistant to hostile enchantments, unstealthy
A: no striking features
a: no special abilities

Inventory:

Missiles
 b - 121 stones (in hand)
Armour
 a - a +0 robe (worn)
 g - a +0 helmet (worn)
Potions
 e - 2 potions of curing {unknown}
Books
 c - a book of Geomancy

   Spells                             Type                      Level
   a - Sandblast                      Earth                        1
   b - Passwall                       Transmutation/Earth          2
   c - Stone Arrow                    Conjuration/Earth            3
   d - Petrify                        Transmutation/Earth          4
   e - Lee's Rapid Deconstruction     Earth                        5
Comestibles
 d - 2 bread rations
 f - 2 chunks of flesh


   Skills:
 - Level 2.4 Dodging
 - Level 2.4 Stealth
 * Level 5.5 Spellcasting
 + Level 2.0 Conjurations
 - Level 1.1 Transmutations
 + Level 4.1 Earth Magic


You had 8 spell levels left.
You knew the following spells:

 Your Spells              Type           Power        Failure   Level  Hunger
a - Sandblast             Erth           ###...       1%          1    None
b - Stone Arrow           Conj/Erth      ###...       10%         3    ##.....
w - Passwall              Trmt/Erth      ###.......   6%          2    None


You were on level 4 of the Dungeon.
You were not hungry.

You visited 1 branch of the dungeon, and saw 5 of its levels.

You collected 86 gold pieces.

##.......##.#
#........#..#
###.#......#.######
####...................
#..............########
#......#.......# #
#......#......##
#.####.....)#.####.######
#..........>O@............
######...)..#.####.#######
########.# ..# #.# .## #.#
#. #.# #. #.# #. #.#

Notes
Turn   | Place    | Note
--------------------------------------------------------------
     0 | D:1      | ololoev the Deep Elf Earth Elementalist began the quest for the Orb.
     0 | D:1      | Reached XP level 1. HP: 10/10 MP: 6/6
    76 | D:2      | Reached XP level 2. HP: 15/15 MP: 1/8
   114 | D:2      | Reached skill level 4 in Spellcasting
   283 | D:3      | Noticed Robin
   298 | D:3      | Reached XP level 3. HP: 18/19 MP: 3/10
   303 | D:3      | Learned a level 2 spell: Passwall
   307 | D:3      | Learned a level 3 spell: Stone Arrow
   376 | D:3      | Killed Robin
   455 | D:4      | Found a shadowy altar of Dithmenos.
   465 | D:4      | Reached skill level 1 in Conjurations
   493 | D:5      | Entered Level 5 of the Dungeon
   497 | D:5      | Reached skill level 5 in Spellcasting
   497 | D:5      | Reached XP level 4. HP: 24/24 MP: 3/13
   513 | D:4      | Noticed an ogre
   524 | D:4      | Mangled by an ogre

Dungeon Overview and Level Annotations

Branches:
Dungeon (5/15)
 Temple: D:4-7

Altars:
Dithmenos


Message History

a hand axe; an orc corpse
There is a stone staircase leading down here.
You climb downwards.
A jelly comes into view.
There is a stone staircase leading up here.
The jelly quivers.
Casting: Sandblast
Confirm with . or Enter, or press ? or * to list all spells.
Aiming: Sandblast
Press: ? - help, Shift-Dir - straight line, f - jelly
Aim: a jelly The rocky blast hits the jelly.
The jelly is moderately wounded.
Casting: Sandblast
Confirm with . or Enter, or press ? or * to list all spells.
Aiming: Sandblast
Press: ? - help, Shift-Dir - straight line, f/p - jelly
Aim: a jelly (moderately wounded)
The rocky blast hits the jelly.
The jelly is almost dead.
The jelly hits you but does no damage.
Casting: Sandblast
Confirm with . or Enter, or press ? or * to list all spells.
Aiming: Sandblast
Press: ? - help, Shift-Dir - straight line, f/p - jelly
Aim: a jelly (almost dead)
The rocky blast hits the jelly.
You kill the jelly!
Your Spellcasting skill increases to level 5!
Your Earth Magic skill increases to level 4!
You have reached level 4!
You feel clever.
There is a stone staircase leading up here.
You climb upwards.
There is a stone staircase leading down here.
A howler monkey comes into view.
Your magical contamination has completely faded away.
The howler monkey hoots and howls with incredible vigour!
You hear a shout!
Casting: Sandblast
Confirm with . or Enter, or press ? or * to list all spells.
Aiming: Sandblast
Press: ? - help, Shift-Dir - straight line, f - howler monkey
Aim: a howler monkey (catching its breath)
The rocky blast hits the howler monkey.
The howler monkey is moderately wounded.
Casting: Sandblast
Confirm with . or Enter, or press ? or * to list all spells.
Aiming: Sandblast
Press: ? - help, Shift-Dir - straight line, f/p - howler monkey
Aim: a howler monkey (moderately wounded, catching its breath)
The rocky blast hits the howler monkey.
The howler monkey is almost dead.
The howler monkey hoots and howls with incredible vigour!
You hear a howl!
You hear a shout! x2
Casting: Sandblast
Confirm with . or Enter, or press ? or * to list all spells.
Aiming: Sandblast
Press: ? - help, Shift-Dir - straight line, f/p - howler monkey
Aim: a howler monkey (almost dead, catching its breath)
The rocky blast misses the howler monkey.
The howler monkey hits you. The howler monkey closely misses you.
The howler monkey barely misses you. The howler monkey bites you.
Casting: Sandblast
Confirm with . or Enter, or press ? or * to list all spells.
Aiming: Sandblast
Press: ? - help, Shift-Dir - straight line, f/p - howler monkey
Aim: a howler monkey (almost dead, catching its breath)
The rocky blast hits the howler monkey.
You kill the howler monkey!
Your Conjurations skill increases to level 2!
An ogre comes into view. It is wielding a giant club.
The ogre hits you with a giant club!
Ouch! That really hurt!
There is a stone staircase leading down here.
Things that are here:
5 tomahawks; a club; an orc corpse The ogre hits you with a giant club!
Ouch! That really hurt!
You die...

You could see an ogre.

Vanquished Creatures
  A howler monkey (D:4)
  A jelly (D:5)
  Robin (D:3)
  A worm (D:3)
  A dart slug (D:2)
  A giant gecko (D:4)
  5 orcs
  A bat (D:2)
  A giant cockroach (D:4)
  11 goblins
  4 hobgoblins (D:3)
  5 jackals
  4 kobolds
37 creatures vanquished.

Action                   |  1- 3 |  4- 6 || total
-------------------------+-------+-------++-------
 Cast: Sandblast         |    53 |     5 ||    58
Armor: Robe              |     3 |       ||     3
Dodge: Dodged            |     9 |     2 ||    11

Vault maps used:
D:1:      minmay_arrival_plants_in_alcoves
D:2:      first_bread
D:3:      uniq_robin
D:4:      grunt_dithmenos_smoke, temple_hall
D:5:      old_standard_altar, uniq_edmund, uniq_prince_ribbit1, uniq_duvessa
